 Dungeon Crawl Stone Soup version 0.29.1-12-g30fa7ad0bf (webtiles) character file.

Game seed: 15888657650514728287

121071 Zekkers the Unseen (level 16, 0/79 HPs)
             Began as a Spriggan Venom Mage on Dec 19, 2022.
             Was an Elder of Ashenzari.
             Killed from afar by a deep elf zephyrmancer (31 damage)
             ... with a bolt of lightning
             ... on level 1 of the Elven Halls on Dec 22, 2022.
             The game lasted 03:46:46 (30937 turns).

Zekkers the Unseen (Spriggan Venom Mage)           Turns: 30937, Time: 03:46:47

Health: 0/79       AC:  5    Str: 10    XL:     16   Next: 31%
Magic:  26/37      EV: 28    Int: 28    God:    Ashenzari [****..]
Gold:   778        SH: 10    Dex: 18    Spells: 1/47 levels left

rFire   . . .      SeeInvis +   Y - +2 dagger (venom)
rCold   + . .      Faith    .   R - +3 buckler "Ensconced Ordeal" {rC+, Bglg, Alch} (curse)
rNeg    . . .      Spirit   .   a - +0 troll leather armour "Unveiling Regret" {Regen+, Bglg, Melee} (curse)
rPois   +          Reflect  .   d - +1 hat of the Manifest Shame {Bglg, Fort} (curse)
rElec   .          Harm     .   W - scarf {repulsion}
rCorr   .          Rampage  .   (gloves unavailable)
Will    ++...      Clarity  +   (boots unavailable)
Stlth   ++++++....              Q - amulet of the Unyielding Gaze {RegenMP, Bglg, Alch} (curse)
HPRegen 1.03/turn               r - ring "Tethered With Me" {EV+4, Cun, Bglg} (curse)
MPRegen 0.65/turn               V - ring of Compassion {rPois Str+6 Int+6 Stlth-}

@: confusing by touch, studying Stealth, repel missiles, very quick
A: very small, no large weapons, unfitting armour, see invisible, speed 3
a: Renounce Religion, Curse Item, Shatter the Chains


You were on level 1 of the Elven Halls.
You worshipped Ashenzari.
Ashenzari was greatly pleased with you.
You visited 5 branches of the dungeon, and saw 24 of its levels.
You also visited: Gauntlet and Ice Cave.

You collected 4311 gold pieces.
You spent 3533 gold pieces at shops.

Inventory:

Hand Weapons
 Y - a +2 dagger of venom (weapon)
Missiles
 c - 34 poisoned darts
 w - 12 throwing nets
 x - 3 atropa-tipped darts
 A - a curare-tipped dart
Armour
 a - the cursed +0 troll leather armour "Unveiling Regret" (worn) {Regen+, Bglg, Melee}
   (You found it on level 10 of the Dungeon)

   Regen:     It increases your rate of health regeneration.
   It has a curse which improves the following skills: Beguiling: Conjurations,
   Hexes and Translocations.
   Melee Combat: Short Blades, Long Blades, Axes, Maces & Flails, Polearms,
   Staves and Unarmed Combat.
 d - the cursed +1 hat of the Manifest Shame (worn) {Bglg, Fort}
   (You found it on level 1 of the Dungeon)

   It has a curse which improves the following skills: Beguiling: Conjurations,
   Hexes and Translocations.
   Fortitude: Armour and Shields.
 O - +0 acid dragon scales
 R - the cursed +3 buckler "Ensconced Ordeal" (worn) {rC+, Bglg, Alch}
   (You found it in an ice cave)

   It has a curse which improves the following skills: Beguiling: Conjurations,
   Hexes and Translocations.
   Alchemy:   Poison Magic and Transmutations.
 W - a scarf of repulsion (worn)
Jewellery
 q - the amulet "Ifequb" {Regen+ Slay+3 Stlth+}
   (You found it in a Gauntlet)

   [amulet of regeneration]

   Slay:      It affects your accuracy & damage with ranged weapons and melee
   (+3).
   Regen:     It increases your rate of health regeneration.
   Stlth:     It makes you more stealthy.
 r - the cursed ring "Tethered With Me" (left hand) {EV+4, Cun, Bglg}
   (You found it on level 4 of the Dungeon)

   [ring of evasion]

   EV:        It affects your evasion (+4).
   It has a curse which improves the following skills: Cunning: Dodging and
   Stealth.
   Beguiling: Conjurations, Hexes and Translocations.
 t - a ring of flight
 u - a ring of resist corrosion
 J - a ring of protection from cold
 Q - the cursed amulet of the Unyielding Gaze (around neck) {RegenMP, Bglg, Alch}
   (You found it on level 11 of the Dungeon)

   [amulet of magic regeneration]

   It increases your rate of magic regeneration.
   It has a curse which improves the following skills: Beguiling: Conjurations,
   Hexes and Translocations.
   Alchemy:   Poison Magic and Transmutations.
 T - a ring of protection from fire
 V - the ring of Compassion (right hand) {rPois Str+6 Int+6 Stlth-}
   (You bought it in a shop on level 6 of the Dungeon)

   [ring of intelligence]

   Str:       It affects your strength (+6).
   Int:       It affects your intelligence (+6).
   rPois:     It protects you from poison.
   Stlth:     It makes you less stealthy.
Wands
 k - a wand of flame (11)
 n - a wand of polymorph (8)
 p - a wand of charming (40)
 C - a wand of iceblast (14)
 F - a wand of quicksilver (3)
Scrolls
 f - 5 scrolls of fear
 o - a scroll of summoning
 s - 2 scrolls of brand weapon
 v - 3 scrolls of amnesia
 y - 7 scrolls of teleportation
 D - 2 scrolls of enchant weapon
 E - 3 scrolls of silence
 K - 3 scrolls of poison
 L - 2 scrolls of blinking
 M - 3 scrolls of magic mapping
 N - 2 scrolls of enchant armour
Potions
 e - 7 potions of mutation
 g - 10 potions of curing
 h - 8 potions of heal wounds
 i - 6 potions of attraction
 j - 5 potions of flight
 m - 3 potions of invisibility
 z - 3 potions of might
 B - 4 potions of brilliance
 G - 4 potions of berserk rage
 H - 6 potions of haste
 I - 5 potions of magic
 U - 2 potions of cancellation
Miscellaneous
 b - a box of beasts (inert)
 Z - a phantom mirror


   Skills:
 - Level 6.8 Fighting
 - Level 9.5(11.5) Short Blades
 - Level 10.2(12.2) Dodging
 + Level 17.8(19.6) Stealth
 - Level 3.0(4.7) Shields
 + Level 16.2 Spellcasting
 - Level 2.0(5.8) Conjurations
 + Level 15.1(20.6) Hexes
 - Level 2.2(6.2) Translocations
 - Level 2.6(5.0) Transmutations
 - Level 2.0 Fire Magic
 - Level 2.0 Air Magic
 + Level 12.5(15.4) Poison Magic
 + Level 9.8 Evocations


You had one spell level left.
You knew the following spells:

 Your Spells              Type           Power      Damage    Failure   Level
a - Poisonous Vapours     Pois/Air       100%       N/A       1%          2
b - Blink                 Tloc           100%       N/A       1%          2
c - Mephitic Cloud        Conj/Pois/Air  60%        N/A       1%          3
d - Tukima's Dance        Hex            95%        N/A       0%          3
e - Ignite Poison         Fire/Tmut/Pois 59%        N/A       1%          3
f - Sting                 Tmut/Pois      100%       1d8       1%          1
g - Olgreb's Toxic Radia  Pois           83%        N/A       1%          4
h - Yara's Violent Unrav  Hex/Tmut       38%        3d15      1%          5
i - Passwall              Tmut/Erth      30%        N/A       3%          2
k - Cause Fear            Hex            47%        N/A       0%          4
l - Alistair's Intoxicat  Tmut/Pois      45%        N/A       2%          5
q - Confusing Touch       Hex            95%        N/A       0%          3
s - Slow                  Hex            100%       N/A       0%          1
w - Enfeeble              Hex            47%        N/A       1%          7
A - Apportation           Tloc           100%       N/A       1%          1

Your spell library contained the following spells:

 Spells                   Type           Power      Damage    Failure   Level
 Beastly Appendage        Tmut           100%       N/A       1%          1
 Foxfire                  Conj/Fire      100%       2x1d9     1%          1
 Freeze                   Ice            88%        1d10      5%          1
 Necrotise                Necr           88%        1d8       5%          1
 Sandblast                Erth           44%        2d11      5%          1
 Summon Small Mammal      Summ           88%        N/A       5%          1
 Wereblood                Tmut           50%        N/A       1%          2
 Inner Flame              Hex/Fire       72%        N/A       1%          3
 Lesser Beckoning         Tloc           55%        N/A       1%          3
 Portal Projectile        Hex/Tloc       100%       N/A       1%          3
 Spider Form              Tmut/Pois      68%        N/A       1%          3
 Silence                  Hex/Air        36%        N/A       1%          5
 Conjure Flame            Conj/Fire      44%        6-21      3%          3
 Stone Arrow              Conj/Erth      78%        3d11      4%          3
 Passage of Golubria      Tloc           55%        N/A       4%          4
 Discord                  Hex            47%        N/A       8%          8
 Flame Wave               Conj/Fire      44%        2d11      11%         4
 Sticky Flame             Conj/Fire      44%        2d6       11%         4
 Manifold Assault         Tloc           55%        N/A       12%         5
 Ozocubu's Armour         Ice            22%        N/A       17%         3
 Vampiric Draining        Necr           22%        2d7       17%         3
 Blade Hands              Tmut           25%        N/A       19%         5
 Fireball                 Conj/Fire      22%        3d10      30%         5
 Animate Armour           Summ/Erth      44%        N/A       50%         4
 Agony                    Necr           22%        N/A       83%         5
 Starburst                Conj/Fire      22%        6d7       86%         6
 Ozocubu's Refrigeration  Ice            11%        4d9       100%        7
 Ignition                 Fire           16%        3d7       100%        8
 Lehudib's Crystal Spear  Conj/Erth      19%        10d6      100%        8


Dungeon Overview and Level Annotations

Branches:
Dungeon (15/15)            Temple (1/1) D:4            Lair (5/5) D:8
  Swamp (0/4) Lair:2        Snake (0/4) Lair:2        Slime (0/5) Lair:5
    Orc (2/2) D:12            Elf (1/3) Orc:2        Vaults (0/5) D:14
 Depths (0/4) D:15          IceCv (visited)         Gauntlet (visited)

Altars:
Ashenzari
Cheibriados
Dithmenos
Elyvilon
Fedhas
Gozag
Hepliaklqana
Kikubaaqudgha
Makhleb
Nemelex Xobeh
Okawaru
Qazlal
Ru
Sif Muna
Trog
Uskayaw
Vehumet
Wu Jian
Xom
Yredelemnul
Zin
The Shining One
Jiyva

Shops:
D:1 :   D:6 =   D:7 (*   D:8 [   D:15 :   Orc:2 **[:

Annotations:
D:11 exclusion: water elemental
D:12 3 runed translucent doors, iamoutofideas's ghost, journeyman HOBe


Innate Abilities, Weirdness & Mutations

You are very small and have problems with some larger weapons.
You are too small for most types of armour.
You have supernaturally acute eyesight. (SInv)
You cover ground extremely quickly. (Speed+++)


Message History

The deep elf knight wields a +0 longbow.
The deep elf knight shoots an arrow.
The arrow hits you!
The deep elf knight looks even sicker.
The deep elf knight shoots an arrow.
The arrow hits the deep elf knight!
The deep elf knight dies!
There is an open door here.
Items here: )) [ ††.
Casting: Olgreb's Toxic Radiance (safe; 1% risk of failure)
Confirm with . or Enter, or press ? or * to list all spells.
Aiming: Mephitic Cloud (safe; 1% risk of failure)
Press: ? - help, Shift-Dir - straight line, f - deep elf knight
Aim: a deep elf knight, wielding a +0 vorpal shortbow (heavily wounded, fast, slightly transparent, very poisoned, chance to confuse on hit: 37%, chance to affect: 48%)
The ball explodes into a vile cloud!
The stinking cloud engulfs the deep elf knight but does no damage.
The deep elf knight is heavily wounded.
The stinking cloud engulfs the deep elf zephyrmancer but does no damage.
The deep elf zephyrmancer is almost dead.
The stinking cloud engulfs the deep elf pyromancer but does no damage.
The deep elf pyromancer is severely wounded.
Your toxic aura wanes.
The deep elf pyromancer is engulfed in noxious fumes.
The deep elf knight is engulfed in noxious fumes.
The deep elf knight appears confused.
The deep elf zephyrmancer gestures at you while chanting.
The bolt of lightning hits the deep elf knight!!
The deep elf knight dies!
The bolt of lightning hits you!! The deep elf pyromancer misses you.
The deep elf zephyrmancer casts a spell at you.
The bolt of lightning misses you.
Items here: )))) [.
You barely miss the deep elf zephyrmancer.
The deep elf zephyrmancer is almost dead.
You closely miss the deep elf zephyrmancer.
The deep elf zephyrmancer is almost dead.
The deep elf pyromancer hits you with a +2 rapier of protection.
The deep elf zephyrmancer misses you.
The deep elf zephyrmancer points at you and mumbles some strange words.
The bolt of lightning hits you!!
You die...

* +** * ** * * *
* * **, * * * , *
## ,** , *
##+.#+#* * *
#######e○...#* *
* ,,+,
......'☼e...+, **
** * ####§°...#*
**** * * ,
####@##.#+#* * *
####.##### ** *,
#####.#### * * *
* ##.#)####### *
* , ,*
##.'############
+** *,* ,
#...'..........+
,, ,, ** ,,
#(..####.#######,
,, * , ,* ,
########.### ,,,
* * ##..### ,,,,
*


You could see a deep elf pyromancer (very poisoned) and a deep elf zephyrmancer
(poisoned).

Vanquished Creatures
  Rupert (D:13)
  Kirke (D:14)
  Agnes (D:15)
  A caustic shrike zombie (D:15)
  A minotaur (Gauntlet)
  An entropy weaver (Gauntlet)
  Nessos (D:13)
  2 dire elephants (Lair:5)
  3 eidola (D:14)
  Snorg (D:12)
  11 hydras
  A boulder beetle (Lair:3)
  An ogre mage (D:14)
  2 catoblepae
  2 alligators (Lair:4)
  4 two-headed ogres
  4 centaur warriors
  A death knight (D:15)
  2 tengu warriors (D:13)
  3 vampire magi
  4 death yaks
  5 orc high priests (Orc:2)
  4 deep elf knights
  3 skeletal warriors
  A golden dragon zombie (D:15)
  Lodul (D:12)
  The ghost of Grokii the Trooper, a novice MiFi (D:8)
  4 wolf spider zombies (D:14)
  6 deep elf pyromancers
  10 orc knights
  Pikel (D:7)
  2 phantasmal warriors (D:14)
  A lindwurm (Lair:5)
  4 deep elf zephyrmancers (Elf:1)
  A necromancer (D:15)
  2 orc sorcerers (Orc:1)
  16 ugly things
  A frost giant zombie (D:15)
  3 manticores
  6 cyclopes
  4 black mambas
  Maurice (D:12)
  17 elephants
  A gargoyle (D:11)
  10 cane toads
  9 centaur skeletons (D:14)
  2 freezing wraiths (D:14)
  2 kobold demonologists (D:11)
  An anaconda simulacrum (IceCv)
  A yaktaur (D:15)
  5 rime drakes
  9 komodo dragons
  3 tengu conjurers (D:13)
  2 guardian mummies (D:15)
  A queen bee (D:12)
  3 trolls
  3 hornets
  5 dream sheep
  2 tyrant leeches
  2 polar bears (Lair:4)
  4 blink frogs (Lair:3)
  18 slime creatures
  4 flying skulls (D:14)
  A spriggan zombie (D:15)
  2 jumping spiders (Gauntlet)
  5 wyverns
  2 spriggans (Lair:3)
  3 shadows
  Sigmund (D:6)
  A vampire (D:11)
  2 dire elephant simulacra (IceCv)
  10 wraiths
  7 basilisks
  27 yaks
  9 vampire mosquitoes
  A hog (D:14)
  2 steam dragons
  A death yak simulacrum (IceCv)
  Menkaure (D:6)
  5 swamp worms
  2 wargs (Orc:2)
  4 acid dragons
  A hydra simulacrum (IceCv)
  6 water moccasins
  An ice beast (D:4)
  41 orc warriors
  4 black bears
  11 ogres
  14 centaurs
  37 wolves
  A phantom (D:5)
  4 cane toad simulacra (IceCv)
  9 kobold brigands
  2 bullfrogs
  2 necrophages
  3 scorpions
  5 two-headed ogre simulacra (IceCv)
  A gnoll sergeant (D:11)
  3 wights (D:7)
  22 killer bees
  An elephant simulacrum (IceCv)
  6 electric eels
  6 centaur zombies
  12 howler monkeys
  6 hounds
  5 jellies
  29 orc priests
  A gnoll bouda (D:5)
  Ijyb (D:3)
  Natasha (D:3)
  An iguana (D:4)
  20 orc wizards
  2 hell rats (Lair:4)
  7 troll simulacra (IceCv)
  2 polar bear simulacra (IceCv)
  6 spriggan simulacra (IceCv)
  3 wolf simulacra (IceCv)
  A hound zombie (D:5)
  23 gnolls
  9 adders
  4 naga simulacra (IceCv)
  8 white imps
  7 ufetubi
  4 dart slugs
  50 orcs
  4 bats
  8 endoplasms
  5 giant cockroaches
  16 goblins
  8 hobgoblins
  3 jackals (D:2)
  16 kobolds
  5 quokkas
  5 ball pythons
  4 frilled lizards
  9 rats
780 creatures vanquished.

Vanquished Creatures (collateral kills)
  Josephine (Lair:4)
  A dancing weapon (Elf:1)
  A water elemental (D:11)
  An orc warrior (D:13)
4 creatures vanquished.

Vanquished Creatures (others)
  2 minotaurs (D:1)
  A demonspawn (D:1)
  2 deep elf knights (Elf:1)
  2 octopodes (D:1)
  A merfolk (D:1)
  A dancing weapon (IceCv)
  2 humans (D:14)
  A dwarf (D:1)
  A tengu (D:1)
  An ogre (D:1)
  An orc wizard (Orc:1)
  2 mummies (D:1)
  A kobold (D:1)
  19 fungi
  42 plants
  11 tentacles (D:1)
  15 withered plants (D:15)
105 creatures vanquished.

Grand Total: 889 creatures vanquished

Notes
Turn   | Place    | Note
-------+----------+-------------------------------------------
     0 | D:1      | Zekkers the Spriggan Venom Mage began the quest for the
                  | Orb.
     0 | D:1      | Reached XP level 1. HP: 9/9 MP: 5/5
     0 | D:1      | Noticed an octopode
     0 | D:1      | Noticed an ogre
     0 | D:1      | Noticed a minotaur
     0 | D:1      | Noticed an octopode
     0 | D:1      | Noticed a merfolk
     0 | D:1      | Noticed a kraken
     0 | D:1      | Noticed a demonspawn
     0 | D:1      | Noticed a tengu
     0 | D:1      | Noticed a minotaur
     0 | D:1      | Noticed a dwarf
     4 | D:1      | Killed a tengu
    14 | D:1      | Killed an octopode
    14 | D:1      | Killed an octopode
    17 | D:1      | Killed an ogre
    17 | D:1      | Killed a merfolk
    21 | D:1      | Killed a demonspawn
    25 | D:1      | Killed a minotaur
    27 | D:1      | Killed a dwarf
    27 | D:1      | Killed a minotaur
   143 | D:1      | Reached XP level 2. HP: 8/13 MP: 1/6
   733 | D:1      | Reached XP level 3. HP: 16/16 MP: 1/8
   824 | D:1      | Reached skill level 4 in Stealth
   913 | D:1      | Found Qiphaphul's Vocational Training.
  1309 | D:2      | Learned a level 2 spell: Poisonous Vapours
  1313 | D:2      | Learned a level 3 spell: Mephitic Cloud
  1826 | D:3      | Found a sparkling altar of Nemelex Xobeh.
  1911 | D:3      | Found a broken altar of Ashenzari.
  1915 | D:3      | Became a worshipper of Ashenzari the Shackled
  1919 | D:3      | Found an ancient bone altar of Kikubaaqudgha.
  1924 | D:3      | Found a glowing silver altar of Zin.
  1993 | D:3      | Reached XP level 4. HP: 21/21 MP: 7/9
  2462 | D:3      | Reached skill level 5 in Stealth
  2719 | D:3      | Noticed Natasha
  2748 | D:3      | Killed Natasha
  2749 | D:3      | Reached skill level 5 in Poison Magic
  2749 | D:3      | Reached XP level 5. HP: 19/24 MP: 1/10
  2909 | D:3      | Found a faded altar of an unknown god.
  2976 | D:3      | Noticed Ijyb
  2997 | D:3      | Killed Ijyb
  3344 | D:3      | Reached skill level 1 in Air Magic
  3552 | D:4      | Noticed a black bear
  3576 | D:4      | Killed a black bear
  3577 | D:4      | Reached skill level 1 in Conjurations
  3577 | D:4      | Reached XP level 6. HP: 28/28 MP: 1/11
  3763 | D:4      | Learned a level 1 spell: Slow
  3768 | D:4      | Learned a level 3 spell: Confusing Touch
  3780 | D:4      | Found a burning altar of Makhleb.
  3912 | D:4      | Reached skill level 1 in Hexes
  4203 | D:4      | Found a staircase to the Ecumenical Temple.
  4222 | Temple   | Entered the Ecumenical Temple
  4553 | D:4      | Reached XP level 7. HP: 32/32 MP: 12/12
  4629 | D:5      | Entered Level 5 of the Dungeon
  5600 | D:5      | Reached skill level 5 in Hexes
  5607 | D:5      | Reached skill level 1 in Short Blades
  5675 | D:5      | Reached skill level 6 in Stealth
  5878 | D:5      | Reached XP level 8. HP: 36/36 MP: 9/13
  5969 | D:5      | Found a basalt altar of Yredelemnul.
  6771 | D:5      | Reached * piety under Ashenzari
  6982 | D:6      | Found Waagair's Jewellery Shoppe.
  6995 | D:6      | Bought a ring of resist corrosion for 200 gold pieces
  7024 | D:6      | Noticed Sigmund
  7141 | D:6      | Found the +7 Throatcutter {drain, coup de grace}
  7157 | D:6      | Noticed Menkaure
  7540 | D:7      | Learned a level 4 spell: Olgreb's Toxic Radiance
  7599 | D:7      | Found Rouvuak's Assorted Antiques.
  7603 | D:7      | Noticed Pikel
  7655 | D:7      | Killed Pikel
  7656 | D:7      | Reached XP level 9. HP: 37/39 MP: 8/16
  7889 | D:7      | Found Pamiqit's Antique Weapon Shop.
  8243 | D:7      | Reached skill level 5 in Short Blades
  8363 | D:7      | Reached skill level 5 in Spellcasting
  8482 | D:8      | Found Quesaudghu's Armour Shop.
  8487 | D:8      | Bought a +0 buckler for 67 gold pieces
  8601 | D:8      | Reached skill level 1 in Shields
  8954 | D:6      | Reached ** piety under Ashenzari
  8956 | D:6      | Found a shadowy altar of Dithmenos.
  8984 | D:6      | Found a hazy altar of Hepliaklqana.
  8985 | D:6      | Killed Menkaure
  9426 | D:6      | Killed Sigmund
  9569 | D:8      | Noticed a two-headed ogre
  9609 | D:8      | Killed a two-headed ogre
  9849 | D:8      | Found a stormy altar of Qazlal.
  9892 | D:8      | Found a runed translucent door.
  9896 | D:8      | Noticed Grokii's ghost (novice MiFi)
  9917 | D:8      | Found a staircase to the Lair.
  9917 | D:8      | Noticed an elephant
  9962 | D:8      | Reached XP level 10. HP: 44/44 MP: 4/21
 10107 | D:8      | Killed an elephant
 10679 | D:9      | Reached *** piety under Ashenzari
 10767 | D:9      | Found a shimmering blue altar of Sif Muna.
 10895 | D:9      | Reached skill level 7 in Stealth
 11166 | D:9      | Found a sacrificial altar of Ru.
 11271 | D:9      | Reached **** piety under Ashenzari
 11428 | D:10     | Entered Level 10 of the Dungeon
 12220 | D:10     | Reached skill level 8 in Stealth
 12610 | D:10     | Reached skill level 9 in Stealth
 12959 | D:11     | Learned a level 3 spell: Tukima's Dance
 13069 | D:11     | Noticed a gargoyle
 13073 | D:11     | Reached skill level 1 in Evocations
 13297 | D:11     | Reached skill level 10 in Stealth
 13333 | D:11     | Reached XP level 11. HP: 47/47 MP: 15/25
 13400 | D:11     | Noticed a boulder beetle
 13560 | D:11     | Identified a scroll of acquirement
 14142 | D:12     | Noticed Snorg
 14256 | Lair:1   | Entered Level 1 of the Lair of Beasts
 14298 | Lair:1   | Reached skill level 1 in Translocations
 14366 | Lair:1   | Learned a level 2 spell: Blink
 14454 | Lair:1   | Reached skill level 5 in Evocations
 14472 | Lair:1   | Reached skill level 5 in Dodging
 14955 | Lair:2   | Reached skill level 1 in Fighting
 14956 | Lair:2   | Reached skill level 10 in Spellcasting
 14956 | Lair:2   | Reached ***** piety under Ashenzari
 14999 | Lair:2   | Noticed a five-headed hydra
 15006 | Lair:2   | Noticed a four-headed hydra
 15320 | Lair:2   | Found a staircase to the Snake Pit.
 15766 | Lair:2   | Killed a four-headed hydra
 15767 | Lair:2   | Reached skill level 11 in Stealth
 15767 | Lair:2   | Reached XP level 12. HP: 56/56 MP: 22/27
 15820 | Lair:2   | Found a staircase to the Swamp.
 15854 | Lair:2   | Killed a five-headed hydra
 15970 | Lair:3   | Found a frozen archway.
 15979 | IceCv    | Entered an ice cave
 16016 | IceCv    | Acquired 802 gold pieces
 16309 | IceCv    | Learned a level 4 spell: Cause Fear
 16626 | IceCv    | Noticed a reaper
 16922 | IceCv    | Identified the Spellbook of Firn
 17116 | Lair:3   | Reached skill level 12 in Stealth
 17575 | Lair:3   | Reached skill level 10 in Hexes
 17594 | Lair:3   | Noticed a boulder beetle
 17611 | Lair:3   | Killed a boulder beetle
 17734 | Lair:3   | Noticed a five-headed hydra
 17754 | Lair:3   | Killed a five-headed hydra
 17909 | Lair:3   | Reached skill level 13 in Stealth
 18239 | Lair:4   | Noticed Josephine
 18279 | Lair:4   | Killed Josephine
 18467 | Lair:4   | Reached XP level 13. HP: 61/61 MP: 24/30
 19570 | Lair:4   | Reached skill level 14 in Stealth
 19715 | Lair:5   | Entered Level 5 of the Lair of Beasts
 19745 | Lair:5   | Found a staircase to the Slime Pits.
 19746 | Lair:5   | Found a viscous altar of Jiyva.
 19848 | Lair:5   | Reached skill level 5 in Fighting
 20457 | Lair:5   | Learned a level 5 spell: Yara's Violent Unravelling
 20460 | Lair:5   | Learned a level 2 spell: Passwall
 21047 | Lair:5   | Noticed a dire elephant
 21140 | Lair:5   | Killed a dire elephant
 21274 | Lair:5   | Reached skill level 15 in Stealth
 21333 | Lair:5   | Reached XP level 14. HP: 68/68 MP: 28/32
 21357 | Lair:5   | Identified the +8 glaive "Otymev" {vorpal, MP+9 Str+6
                  | Stlth-}
 21769 | D:7      | Bought a runed robe for 81 gold pieces
 21769 | D:7      | Bought a glowing cloak for 165 gold pieces
 22087 | D:8      | Killed Grokii's ghost
 22224 | D:12     | Found a staircase to the Orcish Mines.
 22409 | D:12     | Noticed Maurice
 22417 | D:12     | Killed Maurice
 22434 | D:12     | Killed Snorg
 22834 | D:12     | Noticed Lodul
 22865 | D:12     | Killed Lodul
 22866 | D:12     | Reached skill level 10 in Poison Magic
 23015 | D:12     | Found a runed translucent gate.
 23015 | D:12     | Found a runed translucent gate.
 23015 | D:12     | Found a runed translucent gate.
 23020 | D:12     | Noticed iamoutofideas's ghost (journeyman HOBe)
 23175 | Orc:1    | Entered Level 1 of the Orcish Mines
 23358 | Orc:2    | Entered Level 2 of the Orcish Mines
 23446 | Orc:1    | Learned a level 1 spell: Apportation
 24026 | Orc:2    | Found a staircase to the Elven Halls.
 24650 | Orc:2    | Reached skill level 10 in Dodging
 24666 | Orc:2    | Reached skill level 16 in Stealth
 25254 | Orc:2    | Found Kicho's Assorted Antiques.
 25257 | Orc:2    | Found Powudou's Antique Armour Shoppe.
 25258 | Orc:2    | Found Kusurit's General Store.
 25259 | Orc:2    | Found Kenlutwyn's Book Emporium.
 25263 | Orc:2    | Bought a book of Party Tricks for 208 gold pieces
 25263 | Orc:2    | Bought an Everburning Encyclopedia for 338 gold pieces
 25267 | Orc:2    | Learned a level 3 spell: Ignite Poison
 25276 | Orc:2    | Learned a level 5 spell: Alistair's Intoxication
 25506 | D:13     | Noticed Rupert
 25524 | D:13     | Killed Rupert
 25525 | D:13     | Reached skill level 1 in Fire Magic
 25731 | D:13     | Reached XP level 15. HP: 74/74 MP: 34/34
 25796 | D:13     | Identified the +10 falchion "Jeherag" {venom, rPois Str+4
                  | Int+2 Dex-2}
 25811 | D:13     | Noticed Nessos
 25916 | D:13     | Found an iron altar of Okawaru.
 26018 | D:13     | Found the +3 salamander hide armour {Flames rF++ rC--}
 26021 | D:13     | Identified the +8 chain mail "Tuluh" {Str+3}
 26147 | D:13     | Killed Nessos
 26279 | D:14     | Reached skill level 17 in Stealth
 26417 | D:14     | Noticed Kirke
 26432 | D:14     | Killed Kirke
 26466 | D:14     | Found a gate to the Vaults.
 26486 | D:14     | Reached skill level 15 in Spellcasting
 27683 | D:14     | Lost strength.
 28265 | D:6      | Bought a +6 ring of strength for 360 gold pieces
 28265 | D:6      | Bought a ring of protection from fire for 250 gold pieces
 28265 | D:6      | Bought the ring of Compassion {rPois Str+6 Int+6 Stlth-}
                  | for 584 gold pieces
 28512 | D:15     | Entered Level 15 of the Dungeon
 28554 | D:15     | Identified the +1 war axe "Kaumex" {vamp, rElec rPois rF-
                  | Dex+3}
 28555 | D:15     | Found a gate leading to a gauntlet.
 28563 | Gauntlet | Entered a Gauntlet
 28563 | Gauntlet | Found a transporter.
 28572 | Gauntlet | Found a transporter.
 28575 | Gauntlet | Found a transporter.
 28575 | Gauntlet | Found a transporter.
 28576 | Gauntlet | Identified the amulet "Ifequb" {Regen+ Slay+3 Stlth+}
 28578 | Gauntlet | Found a transporter.
 28579 | Gauntlet | Found a transporter.
 28588 | Gauntlet | Found a transporter.
 28589 | Gauntlet | Identified the +0 cloak "Efeciarhe" {MP+9}
 28596 | Gauntlet | Found a transporter.
 28600 | Gauntlet | Found the +9 staff of Wucad Mu {*channel}
 28655 | Gauntlet | Found a transporter.
 28670 | Gauntlet | Found a transporter.
 28670 | Gauntlet | Identified the +2 pair of boots of Analysis {rElec rPois
                  | rCorr}
 28674 | Gauntlet | Found a transporter.
 28676 | Gauntlet | Found a large runed translucent door.
 28676 | Gauntlet | Found a large runed translucent door.
 28677 | Gauntlet | Found a large runed translucent door.
 28678 | Gauntlet | Found a large runed translucent door.
 28678 | Gauntlet | Found a large runed translucent door.
 28678 | Gauntlet | Found a runed translucent door.
 28679 | Gauntlet | Found a large runed translucent door.
 28680 | Gauntlet | Found a large runed translucent door.
 28681 | Gauntlet | Found a large runed translucent door.
 28681 | Gauntlet | Found a large runed translucent door.
 28682 | Gauntlet | Found a runed translucent gate.
 28682 | Gauntlet | Found a runed translucent gate.
 28684 | Gauntlet | Found a transporter.
 28692 | Gauntlet | Found a runed translucent gate.
 28692 | Gauntlet | Found a runed translucent door.
 28693 | Gauntlet | Found a large runed translucent door.
 28693 | Gauntlet | Found a large runed translucent door.
 28694 | Gauntlet | Found a large runed translucent door.
 28695 | Gauntlet | Found a large runed translucent door.
 28704 | Gauntlet | Found a large runed translucent door.
 28704 | Gauntlet | Found a large runed translucent door.
 28705 | Gauntlet | Found a large runed translucent door.
 29492 | D:15     | Found Inuusek's Self-Improvement Boutique.
 29678 | D:15     | Reached XP level 16. HP: 60/79 MP: 29/36
 29742 | D:15     | Found a staircase to the Depths.
 30087 | D:15     | Noticed Agnes
 30230 | D:15     | Killed Agnes
 30503 | D:15     | Bought a manual of Stealth for 1280 gold pieces
 30694 | Elf:1    | Entered Level 1 of the Elven Halls
 30719 | Elf:1    | Reached skill level 15 in Hexes
 30719 | Elf:1    | Found a radiant altar of Vehumet.
 30916 | Elf:1    | Learned a level 7 spell: Enfeeble
 30937 | Elf:1    | Killed from afar by a deep elf zephyrmancer

Illustrated notes

Levels and vault maps discovered:
D:1:      nicolae_arrival_kraken_aquarium_a, layout_rooms, minivault_26,
          kennysheep_crisscross, nicolae_shop_vocational
D:2:      layout_rooms
D:3:      layout_loops_ring, old_standard_altar, grunt_temple_overflow_diamond,
          basic_ecumenical_altar, kennysheep_generic_room_16, uniq_ijyb,
          uniq_natasha
D:4:      layout_basic, makhleb_heckhound_becter, minmay_temple_entry_fiery
D:5:      cheibrodos_helix_gallery, layout_basic,
          lemuel_zombie_altar_yredelemnul
D:6:      layout_basic, riverfiend_overflow_shadow_ancestor, serial_shops,
          nicolae_shop_crystal, dilly_guarded_unrand_throatcut, uniq_menkaure,
          uniq_sigmund
D:7:      layout_rooms, serial_shops, kennysheep_little_box, shop,
          hangedman_decor_push, minmay_misc_feat_tiny, uniq_pikel
D:8:      layout_loops_cross, general_overflow_altar, david_lair_generic,
          hellmonk_ghost_happy_afterlife, serial_shops, shop, glass_columns_b,
          nrook_campfire, solitary_fountain
D:9:      layout_small_grid, amcnicky_altar_gilded, mainiacjoe_overflow_alcove_1
D:10:     layout_basic, kennysheep_generic_room_5
D:11:     layout_small_grid, nicolae_underground_beach
D:12:     layout_basic, orc_0_dummy, gammafunk_ghost_spectres,
          nicolae_looking_at_the_future, uniq_lodul, uniq_maurice, uniq_snorg
D:13:     evilmike_iron_armoury, layout_rooms, uniq_nessos, uniq_rupert
D:14:     hangedman_screamer, layout_basic, david_vaults_2, solitary_fountain,
          minmay_strange_pillars, hive_lemuel, uniq_kirke
D:15:     gammafunk_depths_entry_grave, layout_basic, gauntlet_entry_generic,
          ebering_dispersal_statue_hall, nicolae_shop_self_help, uniq_agnes
Temple:   minmay_freezing_vapour_temple
Lair:1:   layout_loops_ring
Lair:2:   layout_regular_city, palyth_hydra_swamp_entry, dummy_snake_entry,
          grunt_forest_large_clearings
Lair:3:   wad_woods_tower, layout_layer_cave, portal_ice_cave_entry_pillars_1,
          disabler_island
Lair:4:   layout_layer_cave, nicolae_lair_lakeside_cave, uniq_josephine
Lair:5:   hangedman_lair_in_review, layout_layer_cave,
          nicolae_slime_entry_slimehenge, serial_bayou_lagoon_a
Orc:1:    layout_caves
Orc:2:    st_orc_pillars, layout_caves
Elf:1:    eino_elf_arrival_altar, layout_geoelf_diagonals,
          hangedman_elven_crosses_minicolossus

Skill      XL: |  1  2  3  4  5  6  7  8  9 10 11 12 13 14 15 16 |
---------------+-------------------------------------------------+-----
Stealth        | 4 5 6 10 11 13 15 16 17 | 17.8
Poison Magic   | 4 5 6 8 9 10 12 | 12.5
Air Magic      | 1 2 |  2.0
Conjurations   | 1 2 |  2.0
Hexes          | 3 5 6 8 10 12 13 14 15 | 15.1
Short Blades   | 1 4 7 8 9 |  9.5
Spellcasting   | 4 7 9 10 12 13 14 15 16 | 16.2
Shields        | 3 |  3.0
Evocations     | 2 6 9 |  9.8
Dodging        | 5 8 10 | 10.2
Translocations | 2 |  2.2
Fighting       | 3 4 5 6 |  6.8
Transmutations | 2 |  2.6
Fire Magic     | 1 2 |  2.0

Action                   |  1- 3 |  4- 6 |  7- 9 | 10-12 | 13-15 | 16-18 || total
-------------------------+-------+-------+-------+-------+-------+-------++-------
Melee: Dagger            |    26 |    31 |   218 |   568 |   815 |   134 ||  1792
       Unarmed           |     1 |       |       |       |       |       ||     1
       Punch             |       |     2 |     3 |       |       |       ||     5
 Cast: Sting             |    72 |   100 |    64 |    36 |    72 |       ||   344
       Poisonous Vapours |       |     9 |    24 |    49 |   178 |    12 ||   272
       Slow              |       |     2 |    16 |    30 |    75 |     3 ||   126
       Confusing Touch   |       |       |    23 |    80 |   129 |    22 ||   254
       Mephitic Cloud    |       |       |     9 |    11 |    30 |     4 ||    54
       Olgreb's Toxic Ra |       |       |     7 |    33 |    65 |     2 ||   107
       Tukima's Dance    |       |       |       |     5 |     7 |       ||    12
       Cause Fear        |       |       |       |       |     1 |       ||     1
       Blink             |       |       |       |       |     1 |       ||     1
       Ignite Poison     |       |       |       |       |    44 |    12 ||    56
       Apportation       |       |       |       |       |     1 |       ||     1
Invok: Curse Item        |       |     1 |     2 |     6 |     1 |       ||    10
       Shatter the Chain |       |       |       |     3 |     2 |       ||     5
Evoke: Box of beasts     |       |       |       |     1 |       |     1 ||     2
  Use: Scroll            |       |     7 |     6 |     2 |     1 |       ||    16
       Potion            |       |       |     1 |     2 |     5 |       ||     8
 Stab: Sleeping          |     3 |     6 |    11 |    40 |    35 |       ||    95
       Confused          |       |       |    26 |    91 |   124 |    21 ||   262
       Distracted        |       |       |     1 |     1 |     2 |       ||     4
       Invisible         |       |       |       |     5 |       |       ||     5
Armor: Robe              |     7 |    15 |    22 |     6 |       |       ||    50
       Troll leather arm |       |       |       |    24 |    56 |       ||    80
Dodge: Dodged            |    23 |    35 |   128 |   207 |   423 |    53 ||   869
       Repelled          |       |       |       |       |       |     1 ||     1
Block: Buckler           |       |       |     7 |    94 |   271 |    28 ||   400
